 Dungeon Crawl Stone Soup version 0.30.1-4-g462c640d31 (webtiles) character file.

Game seed: 14971632306188311637

7448 booth the Trooper (level 10, -7/58 (71) HPs)
             Began as a Demonspawn Gladiator on Aug 13, 2023.
             Was a Believer of Hepliaklqana.
             Shot with a bolt by a centaur warrior (13 damage)
             ... on level 9 of the Dungeon on Aug 14, 2023.
             The game lasted 00:50:55 (6945 turns).

booth the Trooper (Demonspawn Gladiator)            Turns: 6945, Time: 00:50:55

HP:   -7/58 (71)    AC: 12    Str: 18    XL:     10   Next: 93%
MP:   0/19          EV: 16    Int: 14    God:    Hepliaklqana [**....]
Gold: 450           SH:  0    Dex: 20    Spells: 15/21 levels left

rFire   + + .        a - +3 war axe (drain)
rCold   + . .        (no shield)
rNeg    . . .        m - +3 leather armour {rF+}
rPois   .            c - +1 helmet
rElec   +            B - +1 cloak {Will+}
rCorr   .            g - +0 pair of gloves
SInv    .            h - +0 pair of boots "Ledej" {rElec rF+ Int+3}
Will    +....        (no amulet)
Stlth   ++++         r - ring of ice
HPRegen 0.29/turn    i - ring of protection from fire
MPRegen 0.32/turn

%: guardian spirit
@: heavily drained
A: reduced essence, claws 1, thin skeletal structure 3, magic shield, magic
regeneration
a: Renounce Religion, Recall Ancestor, Ancestor Identity


You were on level 9 of the Dungeon.
You worshipped Hepliaklqana.
Hepliaklqana was pleased with you.
You visited 2 branches of the dungeon, and saw 10 of its levels.

You collected 450 gold pieces.

Inventory:

Hand Weapons
 a - a +3 war axe of draining (weapon)
 C - a +0 hammer
 G - a +0 great mace
Missiles
 d - 2 throwing nets
 e - a javelin
 q - 7 poisoned darts (quivered)
 z - a curare-tipped dart
 F - 2 boomerangs
Armour
 c - a +1 helmet (worn)
 g - a +0 pair of gloves (worn)
 h - the +0 pair of boots "Ledej" (worn) {rElec rF+ Int+3}
   (You acquired it on level 3 of the Dungeon)

   Int:       It affects your intelligence (+3).
   rF:        It protects you from fire.
   rElec:     It insulates you from electricity.
 j - a +0 chain mail of cold resistance
 m - a +3 leather armour of fire resistance (worn)
 p - a +0 buckler
 B - a +1 cloak of willpower (worn)
Jewellery
 i - a ring of protection from fire (right hand)
 r - a ring of ice (left hand)
 D - a ring of magical power
Wands
 o - a wand of charming (5)
 v - a wand of roots (5)
Scrolls
 b - a scroll of teleportation
 n - a scroll of immolation
 t - 2 scrolls of fear
 E - a scroll of magic mapping
Potions
 f - a potion of brilliance
 k - 4 potions of haste
 l - a potion of flight
 s - 3 potions of curing
 u - 4 potions of heal wounds
 w - a potion of attraction
 x - a potion of mutation
Miscellaneous
 y - a piece from Xom's chessboard (15/15)


   Skills:
 + Level 7.4 Fighting
 + Level 7.0 Axes
 + Level 6.7 Throwing
 + Level 6.9 Dodging
 + Level 6.3 Spellcasting
 + Level 6.1 Summonings


You had 15 spell levels left.
You knew the following spells:

 Your Spells              Type           Power      Damage    Failure   Level
a - Call Canine Familiar  Summ           21%        N/A       4%          3
b - Summon Guardian Gole  Hex/Summ       13%        N/A       16%         3

Your spell library contained the following spells:

 Spells                   Type           Power      Damage    Failure   Level
 Summon Small Mammal      Summ           84%        N/A       1%          1
 Apportation              Tloc           8%         N/A       19%         1
 Ozocubu's Armour         Ice            6%         N/A       50%         3
 Summon Forest            Summ/Tloc      6%         N/A       82%         5
 Summon Mana Viper        Hex/Summ       13%        N/A       82%         5
 Summon Cactus Giant      Summ           10%        N/A       91%         6
 Alistair's Intoxication  Tmut/Pois      2%         N/A       99%         5
 Ozocubu's Refrigeration  Ice            3%         4d8       100%        7


Dungeon Overview and Level Annotations

Branches:
Dungeon (9/15)             Temple (1/1) D:4            Lair (0/5) D:8
    Orc: D:9-12

Altars:
Ashenzari
Cheibriados
Dithmenos
Fedhas
Gozag
Hepliaklqana
Kikubaaqudgha
Makhleb
Nemelex Xobeh
Okawaru
Qazlal
Ru
Sif Muna
Trog
Uskayaw
Vehumet
Wu Jian
Xom
Yredelemnul

Shops:
D:9 :


Innate Abilities, Weirdness & Mutations

Your life essence is reduced to manifest your ancestor. (-10% HP)
You have sharp fingernails.
You have an unnaturally thin skeletal structure. (Dex +6, Stealth+++)
When hurt, damage is shared between your health and your magic reserves.
You regenerate magic rapidly.


Message History

The centaur warrior shoots a bolt.
The bolt misses you.
Throw: 9 darts (poison)
Press: ? - help, Q - select action, (/) - cycle Shift-Dir - straight line, f/p - centaur warrior
Aim: a centaur warrior, wielding a +4 arbalest of draining and wearing the ring "Tiekego" {Drain rF+++ rCorr Int+3} (poisoned, 74% to hit)
You throw a poisoned dart.
The poisoned dart hits the centaur warrior!
The centaur warrior looks as sick as possible!
The centaur warrior shoots a bolt.
The bolt hits you!
You feel drained.
Throw: 8 darts (poison)
Press: ? - help, Q - select action, (/) - cycle Shift-Dir - straight line, f/p - centaur warrior
Aim: a centaur warrior, wielding a +4 arbalest of draining and wearing the ring "Tiekego" {Drain rF+++ rCorr Int+3} (lightly wounded, extremely poisoned, 74% to hit)
You throw a poisoned dart.
The poisoned dart hits the centaur warrior.
The centaur warrior looks as sick as possible!
The centaur warrior is lightly wounded.
The centaur warrior shoots a bolt.
The bolt hits you!
You feel drained.
You hear a shout!
Casting: Summon Guardian Golem (dangerous; 16% risk of failure)
Confirm with . or Enter, or press ? or * to list all spells.
A guardian golem appears, shielding your allies.
The centaur warrior shoots a bolt.
The bolt hits you!!
You feel drained.
You swap places.
The centaur warrior shoots a bolt.
The bolt hits your guardian golem!
The centaur warrior shoots a bolt.
The bolt hits your guardian golem!
The centaur warrior shoots a bolt.
The bolt hits your guardian golem.
Your guardian golem overheats!
A kobold demonologist comes into view.
It is wielding the staff of cold "Bonu" {rPois rC+ Int+3} and wearing the amulet "Joegoc" {-Tele rC+++ Regen+ Str-4}.
The centaur warrior shoots a bolt.
The bolt hits your guardian golem!
Your guardian golem disappears in a puff of smoke!
Your guardian golem explodes!
The fiery explosion engulfs the centaur warrior.
The centaur warrior completely resists.
The centaur warrior shoots a bolt.
The bolt hits you.
You feel drained.
You hear a shout!
The centaur warrior shoots a bolt.
The bolt hits you!!
* * * LOW HITPOINT WARNING * * *
You feel drained.
* * * LOW HITPOINT WARNING * * *
The centaur warrior shoots a bolt.
The bolt hits you!
You die...

....... #K☼.....# # .......
#(#####.# #.. ....... #)#
#.# ##...# ####### #c# #.#
...# #.# #.# .# ####+#####
#.# #.##### ......... #.#
#.....#
......#.#######c#########.#
## ......#...@......#.#
#....# .# #....#######..#.#
#.#### .# #.##.#
#........###.## .# #
#.###.######......# .#
#.....# #..##### .#
#.###.######..# .#
#.##...#......# .#
###.##.#........# .#
#...............#


You could see a centaur warrior (very poisoned).

Vanquished Creatures
  A centaur warrior (D:9)
  A cyclops (D:9)
  Maggie (D:7)
  Prince Ribbit (D:6)
  2 yaks (D:6)
  A wyvern (D:8)
  A vampire (D:9)
  A water moccasin (D:7)
  2 ice beasts
  2 black bears (D:6)
  3 ogres (D:5)
  A boggart (D:9)
  4 phantoms
  A kobold brigand (D:4)
  2 bullfrogs
  4 scorpions
  3 killer bees (D:7)
  A howler monkey (D:9)
  2 electric eels (D:6)
  2 hounds
  Crazy Yiuf (D:7)
  3 jellies
  A gnoll bouda (D:6)
  4 orc priests
  A sleepcap (D:5)
  3 iguanas
  3 orc wizards
  Natasha (thrice) (D:4)
  9 adders
  8 gnolls
  An ufetubus (D:4)
  A worm (D:4)
  11 orcs
  8 endoplasms
  4 giant cockroaches
  6 goblins
  7 hobgoblins
  4 jackals (D:4)
  4 quokkas
  4 ball pythons
  9 bats
  4 frilled lizards
  6 kobolds
  7 rats
148 creatures vanquished.

Vanquished Creatures (collateral kills)
  Erica (D:8)
  A two-headed ogre (D:9)
  Joseph (D:7)
  2 hornets (D:8)
  2 yaks (D:6)
  A steam dragon (D:8)
  A kobold brigand (D:8)
  A gnoll sergeant (D:8)
  2 killer bees (D:7)
  A hound (D:6)
  3 orc priests
  2 orc wizards
  A gnoll (D:8)
  7 orcs
  2 kobolds (D:8)
28 creatures vanquished.

Vanquished Creatures (others)
  A centaur (D:9)
  2 hexers (D:9)
  An orc wizard (D:4)
  An ancestor (D:6)
5 creatures vanquished.

Grand Total: 181 creatures vanquished

Notes
Turn   | Place    | Note
-------+----------+-------------------------------------------
     0 | D:1      | booth the Demonspawn Gladiator began the quest for the Orb.
     0 | D:1      | Reached XP level 1. HP: 16/16 MP: 1/1
   131 | D:1      | Found a faded altar of an unknown god.
   171 | D:1      | Gained mutation: You have a somewhat thin skeletal
                  | structure. (Dex +2, Stealth+) [demonic ancestry]
   171 | D:1      | Reached XP level 2. HP: 22/22 MP: 2/2
   599 | D:2      | Reached XP level 3. HP: 28/28 MP: 4/4
   662 | D:2      | Reached skill level 1 in Spellcasting
  1327 | D:3      | Gained mutation: You regenerate magic rapidly. [demonic
                  | ancestry]
  1327 | D:3      | Reached XP level 4. HP: 31/34 MP: 5/5
  1450 | D:3      | Found a burning altar of Makhleb.
  1454 | D:3      | Noticed an Executioner
  1459 | D:3      | Noticed a neqoxec
  1459 | D:3      | Noticed a ynoxinul
  1672 | D:3      | Identified a scroll of acquirement
  1672 | D:3      | Acquired the +0 pair of boots "Ledej" {rElec rF+ Int+3}
  1797 | D:4      | Noticed a phantom
  1820 | D:4      | Killed a phantom
  1821 | D:4      | Reached XP level 5. HP: 38/41 MP: 7/7
  1885 | D:4      | Noticed Natasha
  1888 | D:4      | Noticed an ice beast
  1893 | D:4      | Killed Natasha
  1905 | D:4      | Killed an ice beast
  1906 | D:4      | Gained mutation: When hurt, damage is shared between your
                  | health and your magic reserves. [demonic ancestry]
  1906 | D:4      | Reached XP level 6. HP: 28/47 MP: 9/9
  2028 | D:4      | Noticed Natasha
  2036 | D:4      | Killed Natasha
  2063 | D:4      | Found a staircase to the Ecumenical Temple.
  2068 | Temple   | Entered the Ecumenical Temple
  2161 | Temple   | Became a worshipper of Hepliaklqana the Forgotten
  2203 | D:4      | Noticed Natasha
  2216 | D:4      | Killed Natasha
  2504 | D:4      | Found a stormy altar of Qazlal.
  2623 | D:4      | Gained mutation: You have sharp fingernails. [demonic
                  | ancestry]
  2623 | D:4      | Reached XP level 7. HP: 37/53 MP: 9/11
  2761 | D:5      | Entered Level 5 of the Dungeon
  2811 | D:5      | Reached skill level 1 in Summonings
  3186 | D:5      | Gained mutation: You have a moderately thin skeletal
                  | structure. (Dex +4, Stealth++) [demonic ancestry]
  3186 | D:5      | Reached XP level 8. HP: 61/61 MP: 13/13
  3631 | D:6      | Reached * piety under Hepliaklqana
  3720 | D:6      | Noticed Prince Ribbit
  3737 | D:6      | Reached skill level 5 in Fighting
  3754 | D:6      | Killed Prince Ribbit
  3755 | D:6      | Reached skill level 5 in Axes
  3755 | D:6      | Reached skill level 5 in Dodging
  4000 | D:6      | Reached XP level 9. HP: 58/61 MP: 13/15
  4003 | D:6      | Reached skill level 5 in Throwing
  4046 | D:6      | Found a broken altar of Ashenzari.
  4046 | D:6      | Found a radiant altar of Vehumet.
  4513 | D:7      | Noticed Joseph
  4529 | D:7      | Killed Joseph
  4530 | D:7      | Reached skill level 5 in Spellcasting
  5164 | D:7      | Noticed Maggie
  5178 | D:7      | Killed Maggie
  5215 | D:7      | You fall into a shaft and drop 2 floors!
  5331 | D:9      | Reached ** piety under Hepliaklqana
  5332 | D:9      | Remembered your ancestor Bintana as a hexer
  5334 | D:9      | Found Bupru's Book Shoppe.
  5381 | D:8      | Found a staircase to the Lair.
  5414 | D:7      | Gained mutation: You have an unnaturally thin skeletal
                  | structure. (Dex +6, Stealth+++) [demonic ancestry]
  5414 | D:7      | Reached XP level 10. HP: 57/69 MP: 14/18
  5416 | D:7      | Reached skill level 5 in Summonings
  5510 | D:7      | Found a runed translucent door.
  5511 | D:7      | Noticed Crazy Yiuf
  5637 | D:7      | Found a shadowy altar of Dithmenos.
  5909 | D:7      | Killed Crazy Yiuf
  5934 | D:7      | Learned a level 3 spell: Call Canine Familiar
  5938 | D:7      | Learned a level 3 spell: Summon Guardian Golem
  6184 | D:8      | Noticed Erica
  6193 | D:8      | Killed Erica
  6584 | D:9      | Noticed a two-headed ogre
  6592 | D:9      | Killed a two-headed ogre
  6682 | D:9      | Noticed a centaur warrior
  6688 | D:9      | Noticed a cyclops
  6701 | D:9      | Killed a centaur warrior
  6725 | D:9      | Killed a cyclops
  6920 | D:9      | Identified the ring "Tiekego" {Drain rF+++ rCorr Int+3}
  6920 | D:9      | Noticed a centaur warrior
  6938 | D:9      | Identified the staff of cold "Bonu" {rPois rC+ Int+3}
  6938 | D:9      | Identified the amulet "Joegoc" {-Tele rC+++ Regen+ Str-4}
  6945 | D:9      | Shot with a bolt by a centaur warrior

Illustrated notes

Levels and vault maps discovered:
D:1:      onia_arrival_handbag, layout_rooms,
          shapermc_ecumenical_altar_mp_vishouse, hex_tiny
D:2:      minmay_general_purpose_star, layout_rooms
D:3:      minmay_angry_zag, layout_rooms, makhleb_altar_promises_db
D:4:      layout_rooms, grunt_qazlal_sundering, temple_doors_e, grunt_decor_cap,
          uniq_natasha
D:5:      layout_rooms
D:6:      layout_cave_pools, gammafunk_temple_overflow_forgotten,
          grunt_ministairs_4, minivault_14, abandoned_shop, uniq_prince_ribbit1
D:7:      layout_gridville, kennysheep_little_box, grunt_dithmenos_shadows,
          uniq_crazy_yiuf_cottage, uniq_maggie, uniq_joseph
D:8:      layout_cave_pools, lair_entry_dummy, minmay_crystal_water, uniq_erica
D:9:      minmay_the_grid_triangle_9x9_rhombus_thin
          [minmay_the_grid_triangle_9x9_fully_insulated_deathbox,
          minmay_the_grid_triangle_9x9_prize_insulated,
          minmay_the_grid_triangle_9x9_steps,
          minmay_the_grid_triangle_9x9_wacky_v], layout_basic, serial_shops,
          shop, minmay_misc_feat_pillars
Temple:   eino_wide_crystal_templ

Skill      XL: |  1  2  3  4  5  6  7  8  9 10 |
---------------+-------------------------------+-----
Throwing       | 2 3 4 5 6 |  6.7
Axes           | 3 4 5 6 7 |  7.0
Dodging        | 3 4 5 6 |  6.9
Spellcasting   | 1 2 3 4 5 6 |  6.3
Fighting       | 3 4 5 6 7 |  7.4
Summonings     | 2 3 4 6 |  6.1

Action                     |  1- 3 |  4- 6 |  7- 9 | 10-12 || total
---------------------------+-------+-------+-------+-------++-------
  Melee: War axe           |   136 |   139 |   197 |    43 ||   515
         Punch             |     2 |     2 |     2 |       ||     6
  Throw: Dart              |       |     3 |    14 |     7 ||    24
         Throwing net      |       |     1 |     1 |       ||     2
         Javelin           |       |       |     1 |       ||     1
   Cast: Summon Guardian G |       |       |       |     7 ||     7
         Call Canine Famil |       |       |       |     5 ||     5
 Invoke: Ancestor Identity |       |       |     1 |       ||     1
         Recall Ancestor   |       |       |     1 |     1 ||     2
         Ancestor Life: He |       |       |     1 |       ||     1
    Use: Scroll            |    10 |     3 |     9 |     3 ||    25
         Potion            |     1 |       |     2 |       ||     3
   Stab: Sleeping          |     3 |     2 |     3 |     1 ||     9
         Distracted        |       |       |     2 |     1 ||     3
         Confused          |       |       |       |     5 ||     5
 Armour: Leather armour    |    56 |    62 |    80 |    19 ||   217
  Dodge: Dodged            |   102 |    94 |   157 |    55 ||   408
